Map: Alcyone LE

Players

SCHWEINEHUND - Winner!

  • Race: Zerg Zerg
  • Spawn Location: 7:00

VOD

Have the link to the VOD?

Description

Time

  • Played on: Aug. 31, 2024, 8:30 a.m.
  • Length: 6:45
Show
View Real Time Build Order
Export as new Build Order

SCHWEINEHUND Zerg - Winner!

Build Orders: Pool First 

Get SALT Encoding   

  12  0:31  Extractor, Drone  
  12  0:32  Drone x2  
  12  0:48  Overlord  
  12  1:06  Drone  
  12  1:54  Spawning Pool  
  12  1:56  Evolution Chamber, Drone x3  
  12  2:19  Drone x2  
  12  2:39  Drone  
  12  2:40  Queen  
  12  2:55  Metabolic Boost  
  12  2:57  Zergling x2  
  12  2:58  Overlord  
  12  3:38  Zergling x4  
  12  3:39  Zergling x2  
  12  3:55  Zergling x2  
  12  4:18  Zergling x4  
  12  5:46  Drone x2  
  12  5:59  Hatchery  
  12  6:05  Overlord x2  
Tags
 
Add a new tag
Caveats
  • Supply blocks, unpowered buildings, or Contaminate may cause inaccurate times.
  • Supply counts are checked every 10 seconds.